 Dungeon Crawl Stone Soup version 0.27.1-33-g824d729ab1 (console) character file.

Game seed: 6314788207021616284

329 Banquo the Chopper (level 6, 0/46 HPs)
             Began as a Djinni Berserker on Dec 31, 2021.
             Was a Priest of Trog.
             Slain by a gnoll (7 damage)
             ... on level 4 of the Dungeon.
             The game lasted 00:08:56 (4879 turns).

Banquo the Chopper (Djinni Berserker)               Turns: 4879, Time: 00:08:57

Health: 0/46       AC:  6    Str: 18    XL:     6   Next: 80%
Gold:   159        EV: 10    Int:  8    God:    Trog [***...] SH:  0 Dex: 13

rFire    + + .     SeeInvis .   a - +0 hand axe
rCold    x . .     Faith    .   (no shield)
rNeg     . . .     Spirit   .   i - +0 scale mail
rPois    ∞         Reflect  .   (no helmet)
rElec    .         Harm     .   (no cloak)
rCorr    .         Rampage  .   (no gloves)
Will     ++...                  (boots unavailable)
Stlth    ..........             (no amulet)
HPRegen  1.15/turn              (no ring)
MPRegen  0.00/turn              (no ring)

@: strong-willed, on berserk cooldown, flying, regenerating, slowed, very slow
A: sickness immunity, fire resistance 2, cold vulnerability 1, float, innate
caster, hp casting, extra vitality 1
a: Renounce Religion, Berserk, Trog's Hand


You were on level 4 of the Dungeon.
You worshipped Trog.
Trog was most pleased with you.
You visited 1 branch of the dungeon, and saw 4 of its levels.

You collected 159 gold pieces.

Inventory:

Hand Weapons
 a - a +0 hand axe (weapon)
 t - a +0 spear
Missiles
 c - 115 stones (quivered)
 o - 35 poisoned darts
 x - a throwing net
Armour
 b - a +0 animal skin
 i - a +0 scale mail (worn)
Jewellery
 d - a +6 ring of intelligence
 s - a ring of magical power
Scrolls
 h - 4 scrolls of identify {unknown}
 j - a scroll of fear {unknown}
 k - a scroll of teleportation {unknown}
 m - a scroll of brand weapon {unknown}
 n - a scroll of magic mapping {unknown}
 p - a scroll of fog {unknown}
 q - a scroll of holy word {unknown}
 w - a scroll of silence {unknown}
Potions
 e - 3 potions of cancellation {unknown}
 f - 2 potions of lignification {unknown}
 g - 3 potions of flight {unknown}
 l - 2 potions of heal wounds {unknown}
 r - a potion of invisibility {unknown}
 u - a potion of curing {unknown}
 v - a potion of haste {unknown}


   Skills:
 + Level 3.5 Fighting
 * Level 4.9 Axes
 * Level 3.4 Armour
 + Level 2.7 Dodging


You had 2 spell levels left.
You knew the following spells:

 Your Spells              Type           Power      Damage    Failure   Level
a - Foxfire               Conj/Fire      0%         2x1d4     80%         1
b - Passwall              Tmut/Erth      0%         N/A       90%         2
Your spell library was empty.

Dungeon Overview and Level Annotations

Branches:
Dungeon (4/15)
 Temple: D:4-7

Altars:
Ashenzari
Dithmenos
Gozag
Hepliaklqana
Nemelex Xobeh
Uskayaw
Zin


Innate Abilities, Weirdness & Mutations

You are immune to sickness and miasma.
You are immune to poison.
Your flesh is very heat resistant. (rF++)
You are vulnerable to cold. (rC-)
You float through the air rather than walking.
You learn spells naturally, not from books.
Your magical power is your life essence.
You have superior vitality. (+4 HP)


Message History

You miss the quokka.
The quokka is heavily wounded.
The quokka bites you but does no damage.
You miss the quokka.
The quokka is heavily wounded.
The quokka barely misses you.
The quokka bites you but does no damage.
You hit the quokka.
You kill the quokka!
Trog accepts your kill.
No target in view!
A gnoll comes into view. It is wielding a +0 scythe.
The gnoll shouts!
You hear a shout! x2
A gnoll comes into view. It is wielding a +0 scythe.
A gnoll comes into view. It is wielding a +0 scythe.
A gnoll comes into view. It is wielding a +0 scythe.
The gnoll shouts!
You see here a +0 club.
There is a stone staircase leading up here.
The gnoll hits you but does no damage.
A red film seems to cover your vision as you go berserk!
You feel yourself moving faster!
You feel mighty!
The gnoll hits you from afar with a +0 scythe.
You feel a strong urge to attack something.
The gnoll barely misses you. The gnoll barely misses you.
You feel your anger nearly subside.
You are no longer berserk.
You are exhausted.
You feel yourself slow down. The gnoll completely misses you.
The gnoll hits you with a +0 scythe. The gnoll hits you with a +0 scythe!
The gnoll closely misses you.
The gnoll hits you with a +0 scythe! x2; The gnoll hits you with a +0 scythe.
* * * LOW HITPOINT WARNING * * *
Unknown command.
Your skin crawls.
You feel strong-willed. The gnoll hits you with a +0 scythe.
* * * LOW HITPOINT WARNING * * *
The gnoll hits you with a +0 scythe!
You die...

.# #.#..# #..# ##..#
#.# .# ####.#..# #..#
#..####.####
.##........#####..##
#...........
..............##...#
#...###.####
.##.###.##.#..##.#)#
#...# #.# ## #
#.##.#..##.#.# #...#
#.# #.#..).)##.#.#
#...# #.#
#....##...g..# #...#
#.#
###..##...@g.###...#
#.#
#..##..g..........
..#
####.......<........#
#......#>####.#####.#
####.###.####.# #.#
#......#####.#
#.#######........#
#..## #.########
##..## #.#


You could see 3 gnolls.

Vanquished Creatures
  A scorpion (D:4)
  A vampire bat (D:3)
  A hound (D:3)
  A centaur skeleton (D:4)
  4 adders
  3 gnolls
  An adder skeleton (D:3)
  A worm (D:3)
  5 dart slugs
  4 orcs (D:3)
  10 bats
  11 endoplasms
  4 giant cockroaches
  9 goblins
  7 hobgoblins
  4 jackals (D:1)
  3 quokkas
  8 ball pythons
  3 frilled lizards
  9 kobolds
  A rat (D:2)
91 creatures vanquished.

Notes
Turn   | Place    | Note
-------+----------+-------------------------------------------
     0 | D:1      | Banquo the Djinni Berserker began the quest for the Orb.
     0 | D:1      | Reached XP level 1. HP: 20/20 MP: 0/0
   296 | D:1      | Reached XP level 2. HP: 25/25 MP: 0/0
   330 | D:1      | Reached skill level 3 in Axes
   415 | D:1      | Found a faded altar of an unknown god.
   724 | D:1      | Reached XP level 3. HP: 30/30 MP: 0/0
   724 | D:1      | Learned a level 1 spell: Foxfire
  1101 | D:1      | Reached ** piety under Trog
  1774 | D:2      | Reached XP level 4. HP: 35/35 MP: 0/0
  2784 | D:3      | Reached skill level 4 in Axes
  2784 | D:3      | Reached XP level 5. HP: 36/40 MP: 0/0
  2784 | D:3      | Learned a level 2 spell: Passwall
  2876 | D:3      | Found a shadowy altar of Dithmenos.
  3568 | D:3      | Found a sparkling altar of Nemelex Xobeh.
  3632 | D:3      | Reached *** piety under Trog
  3680 | D:3      | Reached XP level 6. HP: 46/46 MP: 0/0
  3689 | D:3      | Found an opulent altar of Gozag.
  3690 | D:3      | Found a hazy altar of Hepliaklqana.
  3691 | D:3      | Found a hide-covered altar of Uskayaw.
  3692 | D:3      | Found a broken altar of Ashenzari.
  3969 | D:4      | Found a glowing silver altar of Zin.
  4879 | D:4      | Slain by a gnoll

Illustrated notes

Levels and vault maps discovered:
D:1:      dpeg_arrival_simpleton_b, layout_rooms, ebering_ecumenical_altar_webs,
          minmay_unequal
D:2:      layout_loops_ring, hangedman_abyss_or_decor_stabs,
          nrook_mini_backslash
D:3:      layout_basic, nemelex_dance_club_becter, mainiacjoe_overflow_alcove_3,
          general_overflow_altar, roderic_batcave
D:4:      layout_loops_ring, mainiacjoe_overflow_tiny_flanked, st_stairs_11,
          chequers_serial_rivers_room_b, hangedman_abyss_or_decor_slice,
          kennysheep_pointless_box, sigmund_army, uniq_eustachio

Skill      XL: |  1  2  3  4  5 |
---------------+----------------+-----
Axes           | 3 4 |  4.9
Armour         | 3 |  3.4
Fighting       | |  3.5
Dodging        | |  2.7

Action                   |  1- 3 |  4- 6 || total
-------------------------+-------+-------++-------
Melee: Hand axe          |    85 |   229 ||   314
Invok: Berserk           |     2 |     3 ||     5
       Trog's Hand       |       |     1 ||     1
Armor: Animal skin       |    10 |       ||    10
       Scale mail        |    17 |   108 ||   125
Dodge: Dodged            |    53 |   140 ||   193
